Map: Persephone LE

Players

Spotichka - Winner!

  • Race: Protoss Protoss
  • Spawn Location: 7:00

Sindyr

  • Race: Protoss Protoss
  • League: Master
  • Spawn Location: 11:00

VOD

Have the link to the VOD?

Description

Time

  • Played on: Oct. 25, 2025, 7:14 a.m.
  • Length: 5:48
Show
View Real Time Build Order
Export as new Build Order

Spotichka Protoss - Winner!

Build Orders: Zealot Archon 

Get SALT Encoding   

  12  0:00  Probe  
  13  0:12  Probe  
  14  0:18  Pylon  
  14  0:24  Probe  
  15  0:32  Probe  
  15  0:40  Probe  
  15  0:41  Gateway  
  16  0:47  Assimilator  
  17  0:51  Probe  
  18  1:01  Assimilator  
  18  1:03  Probe  
  19  1:15  Probe  
  20  1:22  Gateway  
  20  1:27  Probe  
  20  1:29  Pylon  
  20  1:30  Zealot  
  23  1:46  Probe  
  24  1:48  Cybernetics Core  
  24  1:54  Probe  
  25  2:02  Probe  
  26  2:19  Warp Gate  
  26  2:20  Nexus  
  26  2:27  Pylon  
  26  2:35  Zealot  
  28  2:45  Twilight Council  
  28  2:51  Stalker  
  30  3:00  Pylon  
  30  3:03  Charge, Probe  
  31  3:15  Probe  
  32  3:20  Gateway  
  32  3:29  Probe  
  33  3:41  Gateway, Probe  
  34  3:48  Templar Archives, Probe  
  34  3:53  Probe  
  36  3:56  Probe  
  36  4:00  Pylon  
  37  4:08  Zealot  
  37  4:09  Sentry  
  41  4:17  Stalker  
  41  4:20  Probe x2  
  45  4:25  Pylon  
  45  4:32  Probe  
  45  4:34  Gateway  
  45  4:38  Probe  
  46  4:41  Gateway  
  47  4:47  Stalker  
  47  4:49  High Templar  
  51  4:54  Zealot  
  51  4:58  Zealot  
  55  5:11  High Templar  
  57  5:15  High Templar  
  59  5:25  Archon  
  59  5:26  Zealot x2  
  63  5:36  High Templar  
  63  5:38  Zealot  
Show
View Real Time Build Order
Export as new Build Order

Sindyr Protoss 

Build Orders: Double Forge 

Get SALT Encoding   

  12  0:01  Probe  
  13  0:15  Probe  
  14  0:27  Probe, Pylon  
  15  0:42  Pylon  
  15  0:45  Probe  
  16  0:50  Gateway  
  16  0:57  Probe  
  16  1:01  Assimilator  
  17  1:14  Probe  
  18  1:26  Probe  
  19  1:38  Probe  
  20  1:46  Nexus  
  20  1:53  Cybernetics Core  
  20  2:01  Probe  
  21  2:06  Assimilator  
  21  2:13  Probe  
  22  2:25  Probe  
  23  2:37  Probe  
  23  2:42  Forge  
  24  2:47  Robotics Facility  
  24  2:49  Probe, Twilight Council  
  25  2:57  Probe  
  25  3:05  Probe  
  26  3:06  Probe  
  28  3:15  Probe  
  28  3:16  Protoss Ground Weapons Level 1  
  28  3:17  Probe  
  30  3:28  Probe  
  30  3:29  Probe  
  30  3:30  Assimilator  
  30  3:32  Assimilator  
  32  3:34  Observer  
  32  3:37  Pylon  
  32  3:40  Probe  
  34  3:41  Probe  
  35  3:50  Observer  
  35  3:52  Probe  
  35  3:53  Probe  
  38  4:04  Probe  
  38  4:05  Nexus, Probe  
  40  4:16  Probe  
  41  4:18  Probe  
  42  4:28  Pylon  
  42  4:32  Pylon  
  42  4:40  Forge  
  42  4:56  Gateway  
  42  4:58  Gateway  
  42  5:01  Gateway  
  42  5:02  Gateway  
  42  5:04  Gateway  
  42  5:07  Gateway  
  42  5:09  Gateway  
  42  5:14  Probe x2  
  42  5:16  Probe  
  45  5:22  Probe  
  45  5:25  Probe  
  45  5:26  Probe  
  46  5:30  Probe  
  46  5:34  Probe  
  48  5:36  Probe  
Tags
 
Composition
Zealot Archon
League
Master
Matchup
PvP
Replay Pack
Multiplayer
Spawn Locations
Close Positions
Add a new tag
Caveats
  • Supply blocks, unpowered buildings, or Contaminate may cause inaccurate times.
  • Supply counts are checked every 10 seconds.